 Dungeon Crawl Stone Soup version 0.31-a0-210-gccc998df9b (webtiles) character file.

Game seed: 81570522906150971

32 qw the Shooter (level 3, -4/29 HPs)
             Began as a Minotaur Hexslinger on June 29, 2023.
             Slain by a hobgoblin
             ... wielding a +0 dagger
             ... led by Robin
              (8 damage)
             ... on level 2 of the Dungeon.
             The game lasted 00:00:16 (745 turns).

qw the Shooter (Minotaur Hexslinger)                 Turns: 745, Time: 00:00:16

Health: -4/29      AC:  3    Str: 15    XL:     3   Next: 10%
Magic:  3/3        EV: 12    Int: 10    God:
Gold:   118        SH:  0    Dex: 14    Spells: 3/4 levels left

rFire   + . .        b - +6 sling of Action {heavy, rF+ Str+3}
rCold   . . .        (no shield)
rNeg    . . .        g - +0 leather armour
rPois   .            (helmet restricted)
rElec   .            (no cloak)
rCorr   .            (no gloves)
SInv    .            (no boots)
Will    .....        (no amulet)
Stlth   +            (no ring)
HPRegen 0.24/turn    (no ring)
MPRegen 0.08/turn

%: no passive effects
@: no status effects
A: horns 2, retaliatory headbutt
a: no special abilities


You were on level 2 of the Dungeon.
You visited 1 branch of the dungeon, and saw 2 of its levels.

You collected 118 gold pieces.


Innate Abilities, Weirdness & Mutations

You have a pair of horns on your head.
You reflexively headbutt those who attack you in melee.


   Skills:
 - Level 2.0 Fighting
 + Level 3.6 Ranged Weapons
 - Level 2.1 Dodging
 - Level 1.0 Spellcasting
 - Level 2.0 Hexes


You had 3 spell levels left.
You knew the following spells:

 Your Spells              Type           Power      Damage    Failure   Level
a - Slow                  Hex            16%        N/A       19%         1

Your spell library contained the following spells:

 Spells                   Type           Power      Damage    Failure   Level
 Inner Flame              Hex/Fire       2%         N/A       63%         3
 Portal Projectile        Hex/Tloc       4%         N/A       63%         3
 Cause Fear               Hex            2%         N/A       88%         4

Inventory:

Hand Weapons
 b - the +6 sling of Action (weapon) {heavy, rF+ Str+3}
   (You found it on level 2 of the Dungeon)

   Str:       It affects your strength (+3).
   rF:        It protects you from fire.
Armour
 g - a +0 leather armour (worn)
Scrolls
 a - a scroll of identify

Dungeon Overview and Level Annotations

Branches:
Dungeon (2/15)

Altars:

Annotations:
D:2 Robin


Message History

Your base attributes are Str 12, Int 10, Dex 12.
Increase (S)trength, (I)ntelligence, or (D)exterity?
You feel agile. x2
You shoot a sling bullet.
The sling bullet barely misses the goblin.
The sling bullet barely misses the hobgoblin.
The sling bullet hits the goblin!
You kill the goblin!
The goblin hits you with a +0 club. The goblin hits you with a +0 dagger.
Robin of the Strong Arm comes into view.
They are wielding a +2 falchion of protection.
The hobgoblin barely misses you. The goblin closely misses you.
You shoot a sling bullet.
The sling bullet closely misses the hobgoblin.
The sling bullet misses the frilled lizard.
The frilled lizard hisses.
The hobgoblin barely misses you. The goblin hits you with a +0 club.
The goblin barely misses you. The hobgoblin misses you.
You furiously retaliate!
You headbutt the hobgoblin.
Robin roars a battlecry!
The goblins go into a battle-frenzy!
The goblin closely misses you.
A hobgoblin comes into view.
The goblin closely misses you.
You shoot a sling bullet. The hobgoblin shouts!
The sling bullet hits the hobgoblin.
You kill the hobgoblin!
The hobgoblin barely misses you. The goblin hits you with a +0 club.
The goblin hits you with a +0 dagger. The hobgoblin barely misses you.
The goblin hits you with a +0 club. The goblin hits you with a +0 dagger.
The hobgoblin barely misses you. The goblin barely misses you.
You furiously retaliate!
You headbutt the goblin!
You kill the goblin!
The hobgoblin hits you.
You shoot a sling bullet. The sling bullet hits the hobgoblin!
You kill the hobgoblin!
The frilled lizard misses you. The hobgoblin barely misses you.
The goblin closely misses you. The goblin hits you but does no damage.
The hobgoblin hits you with a +0 dagger!
You die...

# #########.#
#..........
#........).
#..........
#.lg%..g...
######..@gg.)...
#.......g)..####
#.#########.#
#.# # #.# #.#
#.# #.# #.#.###


You could see Robin, 2 hobgoblins, 2 goblins and a frilled lizard.

Vanquished Creatures
  A dart slug (D:1)
  2 ball pythons (D:1)
  2 endoplasms (D:1)
  11 goblins
  4 hobgoblins
  A bat (D:1)
  2 frilled lizards (D:1)
  5 rats (D:1)
28 creatures vanquished.

Notes
Turn   | Place    | Note
-------+----------+-------------------------------------------
     0 | D:1      | qw the Minotaur Hexslinger began the quest for the Orb.
     0 | D:1      | Reached XP level 1. HP: 16/16 MP: 1/1
     0 | D:1      | 0 ||| qw: Version: 0.3-a-24-ga2abf7b
     0 | D:1      | 0 ||| qw: Game counter: 7043
     0 | D:1      | 0 ||| qw: Melee chars always use a shield: true
     0 | D:1      | 0 ||| qw: God list: Okawaru
     0 | D:1      | 0 ||| qw: Allow faded altars: false
     0 | D:1      | 0 ||| qw: Do Orc after clearing Dungeon:15 true
     0 | D:1      | 0 ||| qw: Do second Lair branch before Depths: true
     0 | D:1      | 0 ||| qw: Lair rune preference: random
     0 | D:1      | 0 ||| qw: Goals: Normal
     0 | D:1      | 0 ||| PLANNING D:1-11
   142 | D:1      | Reached skill level 3 in Ranged Weapons
   152 | D:1      | Reached XP level 2. HP: 23/23 MP: 2/2
   671 | D:1      | 671 ||| UPGRADING to +0 leather armour.
   681 | D:1      | 681 ||| DROPPING +0 robe.
   682 | D:1      | 682 ||| READING 2 scrolls labelled TEYPATHR CIPTU.
   683 | D:1      | 683 ||| READING scroll labelled MAECEMPO YKY.
   684 | D:1      | 684 ||| READING scroll labelled DATHRE ZEGGI.
   685 | D:1      | 685 ||| DROPPING scroll of poison.
   700 | D:2      | Identified the +6 sling of Action {heavy, rF+ Str+3}
   702 | D:2      | 702 ||| SWAPPING to +6 sling of Action {heavy, rF+ Str+3}.
   703 | D:2      | 703 ||| DROPPING +1 sling.
   742 | D:2      | Reached XP level 3. HP: 25/29 MP: 3/3
   742 | D:2      | Noticed Robin
   744 | D:2      | HP: 5/29 [goblin/+0 dagger[Robin] (3)]
   745 | D:2      | Slain by a hobgoblin

Levels and vault maps discovered:
D:1:      dpeg_arrival_simpleton_b, layout_loops_ring, minmay_curled_crystal,
          minmay_misc_feat_rows, st_stairs_14, hex_large
D:2:      layout_basic, basic_altar, shapermc_ecumenical_altar_mp_urbaneastern,
          minmay_misc_feat_more_columns, st_stairs_11, nicolae_half_adder,
          uniq_robin

Skill      XL: |  1  2 |
---------------+-------+-----
Ranged Weapons | 3 |  3.6
Fighting       | 2 |  2.0
Dodging        | |  2.1
Spellcasting   | |  1.0
Hexes          | |  2.0

Action                     || total
---------------------------++-------
   Fire: Sling             ||    52
    Use: Scroll            ||     3
 Armour: Robe              ||     5
         Leather armour    ||     1
  Dodge: Dodged            ||    24

Table legend:
 A = Non-vault XP
 B = Vault XP
 C = Vault XP percentage of total XP
 D = Non-vault monster count
 E = Vault monster count
 F = Vault count percentage of total count
                 A         B        C        D         E       F
            +---------+---------+-------+---------+---------+-------
      Total |      31 |      18 |  36.7 |      19 |       9 |  32.1
            +---------+---------+-------+---------+---------+-------
        D:1 |      31 |       2 |   6.1 |      19 |       1 |   5.0
        D:2 |       0 |      16 | 100.0 |       0 |       8 | 100.0
            +---------+---------+-------+---------+---------+-------
